 Dungeon Crawl Stone Soup version 0.26.0-10-g1f06aea511 (webtiles) character file.

Game seed: 2462198784854842149

63058 Borgoz the Basher (level 15, -12/144 HPs)
             Began as a Gargoyle Gladiator on Jan 18, 2021.
             Was the Champion of Okawaru.
             Killed from afar by Roxanne (43 damage)
             ... with an iron shot
             ... on level 14 of the Dungeon.
             The game lasted 00:33:55 (18863 turns).

Borgoz the Basher (Gargoyle Gladiator)             Turns: 18863, Time: 00:33:55

Health: -12/144    AC: 38    Str: 18    XL:     15   Next: 8%
Magic:  0/18       EV: 22    Int: 10    God:    Okawaru [******]
Gold:   496        SH:  6    Dex: 16    Spells: 18/18 levels left

rFire    + + .     SeeInvis .   t - +6 flail (protect)
rCold    . . .     Faith    .   v - +0 buckler
rNeg     + . .     Spirit   +   N - +1 chain mail of Xytatz {rF+ Regen+}
rPois    ∞         Reflect  .   S - +2 hat
rElec    +         Harm     .   (no cloak)
rCorr    .         Rampage  .   (no gloves)
Will     +....                  E - +1 pair of boots
Stlth    ..........             p - amulet of guardian spirit
HPRegen  0.74/turn              c - ring of protection from fire
MPRegen  0.16/turn              a - +4 ring of evasion

@: berserking, heroism, protection aura, flying, very quick
A: big wings, negative energy resistance 1, electricity resistance, unbreathing,
petrification resistance, miasma immunity, AC +11
a: Stop Flying, Renounce Religion, Heroism, Finesse


You were on level 14 of the Dungeon.
You worshipped Okawaru.
Okawaru was exalted by your worship.
You visited 3 branches of the dungeon, and saw 16 of its levels.
You also visited: Sewer and Bailey.

You collected 1351 gold pieces.
You spent 855 gold pieces at shops.

Inventory:

Hand Weapons
 m - a +5 vorpal great mace
 t - a +6 flail of protection (weapon)
 C - a +4 dire flail of protection
Armour
 f - a +0 plate armour of willpower
 v - a +0 buckler (worn)
 E - a +1 pair of boots (worn)
 N - the +1 chain mail of Xytatz (worn) {rF+ Regen+}
   (You bought it in a shop on level 8 of the Dungeon)

   It protects you from fire.
   It increases your rate of regeneration.
 S - a +2 hat (worn)
Jewellery
 a - a +4 ring of evasion (right hand)
 c - a ring of protection from fire (left hand)
 p - an amulet of guardian spirit (around neck)
 s - a cursed ring of teleportation {unknown}
 R - an uncursed ring of positive energy
 T - an uncursed ring of protection from fire
Wands
 y - a wand of disintegration (25)
 G - a wand of flame (52)
 H - a wand of acid (7)
 K - a wand of digging (11)
 L - a wand of iceblast (12)
 P - a wand of paralysis (23)
Scrolls
 b - 2 scrolls of immolation {unknown}
 e - 7 scrolls of fog
 g - 10 scrolls of teleportation
 h - a scroll of fear
 j - 5 scrolls of enchant weapon
 l - 2 scrolls of acquirement {unknown}
 o - 6 scrolls of blinking
 q - 2 scrolls of enchant armour
 u - 2 scrolls of random uselessness {unknown}
 x - 8 scrolls of remove curse
 z - a scroll of holy word
 B - a scroll of noise {unknown}
Potions
 i - a potion of invisibility
 k - 3 potions of cancellation
 n - 6 potions of haste {unknown}
 r - 5 potions of curing
 A - 3 potions of mutation
 D - 2 potions of brilliance
 F - 3 potions of resistance
 I - a potion of ambrosia
 J - 3 potions of lignification {unknown}
 M - a potion of magic


   Skills:
 + Level 12.2(17.2) Fighting
 * Level 13.8(18.8) Maces & Flails
 - Level 1.7(6.7) Throwing
 + Level 12.0(17.0) Armour
 * Level 11.8(16.8) Dodging
 - Level 3.2(8.2) Stealth
 - Level 4.0(9.0) Shields
 - Level 2.3 Spellcasting
 - Level 5.0 Invocations
 - Level 2.3 Evocations


You had 18 spell levels left.
You didn't know any spells.
Your spell library contained the following spells:

 Spells                   Type           Power        Failure   Level
 Animate Skeleton         Necr           2%           86%         1
 Apportation              Tloc           2%           86%         1
 Beastly Appendage        Tmut           2%           86%         1
 Corona                   Hex            1%           86%         1
 Magic Dart               Conj           4%           86%         1
 Pain                     Necr           4%           86%         1
 Summon Small Mammal      Summ           4%           86%         1
 Call Imp                 Summ           1%           94%         2
 Searing Ray              Conj           2%           94%         2
 Wereblood                Tmut           1%           94%         2
 Call Canine Familiar     Summ           1%           99%         3
 Dazzling Flash           Conj/Hex       2%           99%         3
 Gell's Gravitas          Tloc           0%           99%         3
 Ignite Poison            Fire/Tmut/Pois 1%           99%         3
 Portal Projectile        Hex/Tloc       2%           99%         3
 Spider Form              Tmut/Pois      0%           99%         3
 Summon Guardian Golem    Hex/Summ       1%           99%         3
 Fulminant Prism          Conj/Hex       0%           100%        4
 Ice Form                 Ice/Tmut       1%           100%        4
 Iskenderun's Mystic Bla  Conj/Tloc      1%           100%        4
 Petrify                  Tmut/Erth      1%           100%        4
 Summon Ice Beast         Ice/Summ       1%           100%        4
 Summon Lightning Spire   Summ/Air       1%           100%        4
 Alistair's Intoxication  Tmut/Pois      0%           100%        5
 Blade Hands              Tmut           0%           100%        5
 Irradiate                Conj/Tmut      0%           100%        5
 Summon Mana Viper        Hex/Summ       1%           100%        5
 Dispersal                Tloc           0%           100%        6
 Eringya's Noxious Bog    Tmut/Pois      0%           100%        6
 Shadow Creatures         Summ           N/A          100%        6
 Malign Gateway           Summ/Tloc      0%           100%        7
 Disjunction              Tloc           0%           100%        8
 Sublimation of Blood     Necr           Unusable     N/A         2

Dungeon Overview and Level Annotations

Branches:
Dungeon (14/15)            Temple (1/1) D:6            Lair (1/6) D:9
    Orc (0/2) D:11         Vaults (0/5) D:14          Sewer (visited)
 Bailey (visited)

Altars:
Ashenzari
Cheibriados
Dithmenos
Elyvilon
Fedhas
Gozag
Hepliaklqana
Kikubaaqudgha
Makhleb
Nemelex Xobeh
Okawaru
Qazlal
Ru
Sif Muna
Trog
Uskayaw
Vehumet
Wu Jian
Xom
Yredelemnul
Zin
The Shining One

Shops:
D:4 ?   D:8 [(!:   D:9 *   D:13 [*}(!

Annotations:
D:14 Roxanne


Innate Abilities, Weirdness & Mutations

You are resistant to torment.
Your stone body is resilient. (AC +11)
You are immune to poison.
Your large and strong wings let you fly indefinitely.
You resist negative energy. (rN+)
You are resistant to electric shocks. (rElec)
You can survive without breathing.
You are immune to petrification.
You are immune to miasma.


Message History

You block the worker ant's attack.
You hit Roxanne.
Roxanne is moderately damaged.
Roxanne casts a spell.
The crystal spear hits you!!!
* * * LOW HITPOINT WARNING * * *
You sock Roxanne!
Roxanne is moderately damaged.
The worker ant completely misses you.
Roxanne asks, "Could you be a darling and pick up those spellbooks for me?"
A red film seems to cover your vision as you go berserk!
You feel yourself moving faster!
You feel mighty! You block the worker ant's attack.
The worker ant completely misses you.
You hit Roxanne.
Roxanne is moderately damaged.
You hit Roxanne but do no damage.
Roxanne is moderately damaged.
Roxanne casts a spell.
The iron shot hits you!!!
You die...

#......#...† #......#....
#......#.(.. .
#+###......#.... ..
#.#.'.....((.... ...
#.##############
....######.#..# #
..............###########
........@8..............†
........B..#########.....
######..#### #..### #..#
#..# #..# #..# #..# #..#
#..# #####..### #...
...>....... ####
###########


You could see Roxanne and a worker ant.

Vanquished Creatures
  Gastronok (D:11)
  A tengu reaver (D:13)
  Louise (D:14)
  An orc warlord (Bailey)
  Azrael (D:13)
  Snorg (D:12)
  2 fire dragons
  A yaktaur captain (D:13)
  Harold (D:7)
  2 vault guards (D:14)
  A boulder beetle (D:14)
  3 hydras
  Erolcha (D:9)
  2 catoblepae
  2 centaur warriors (D:14)
  4 two-headed ogres
  A deep troll earth mage (D:13)
  2 tengu warriors
  A deep elf knight (D:14)
  10 slime creatures
  A skeletal warrior (D:13)
  A deep elf archer (D:14)
  A glowing orange brain (D:14)
  A flayed ghost (D:13)
  3 unseen horrors
  A wizard (D:14)
  4 ugly things
  2 wolf spiders
  6 orc knights
  An orc sorcerer (D:14)
  2 manticores (D:14)
  A cyclops (D:14)
  Joseph (D:7)
  2 centaur zombies (D:14)
  A gargoyle (D:14)
  A freezing wraith (D:14)
  2 yaktaurs
  An efreet (D:13)
  3 komodo dragons
  9 trolls
  A tengu conjurer (D:14)
  Grinder (D:6)
  2 meliai zombies
  2 basilisks (D:14)
  3 wyverns
  4 fire elementals (D:13)
  A wraith (D:14)
  23 yaks
  A vampire mosquito (D:14)
  3 wargs (D:9)
  A water moccasin (Lair:1)
  2 soldier ants
  3 acid dragons
  2 hell hounds (D:13)
  5 ice beasts
  16 orc warriors
  A hornet zombie (D:13)
  A black bear (D:10)
  2 phantoms
  7 sky beasts
  3 necrophages
  7 ogres
  12 centaurs
  4 big kobolds
  A wyvern zombie (D:12)
  14 bullfrogs
  2 wyvern skeletons
  5 scorpions
  A water moccasin skeleton (D:11)
  7 killer bees
  14 wights
  2 electric eels
  3 howler monkeys
  2 bullfrog zombies
  4 jellies
  4 orc priests
  6 hounds
  3 iguanas
  21 orc wizards
  4 centaur skeletons
  Jessica (D:2)
  6 worker ants
  A killer bee zombie (D:9)
  A hound skeleton (D:5)
  2 worker ant zombies
  14 gnolls
  13 adders
  6 shadow imps
  6 white imps
  An ufetubus (D:6)
  5 oozes
  2 adder skeletons
  3 worms (Sewer)
  2 dart slugs (D:1)
  11 leopard geckos
  63 orcs
  5 ball pythons
  12 giant cockroaches
  33 goblins
  20 hobgoblins
  18 jackals
  6 quokkas
  22 bats
  8 frilled lizards
  25 kobolds
  2 leopard gecko zombies
  A quokka zombie (D:4)
  7 rats
579 creatures vanquished.

Vanquished Creatures (others)
  An orc knight (D:13)
  A worker ant (D:14)
  2 plants (D:3)
4 creatures vanquished.

Grand Total: 583 creatures vanquished

Notes
Turn   | Place    | Note
-------+----------+-------------------------------------------
     0 | D:1      | Borgoz the Gargoyle Gladiator began the quest for the Orb.
     0 | D:1      | Reached XP level 1. HP: 12/12 MP: 1/1
    57 | D:1      | Reached XP level 2. HP: 13/18 MP: 2/2
   218 | D:1      | Reached skill level 1 in Armour
   381 | D:1      | Reached XP level 3. HP: 13/22 MP: 3/3
  1446 | D:2      | Found a white marble altar of Elyvilon.
  1450 | D:2      | Reached XP level 4. HP: 28/28 MP: 4/4
  1481 | D:2      | Noticed Jessica
  1493 | D:2      | Killed Jessica
  2055 | D:2      | Reached XP level 5. HP: 32/32 MP: 5/5
  2679 | D:3      | Reached skill level 4 in Maces & Flails
  2713 | D:3      | Found a transporter.
  2872 | D:3      | Found a transporter.
  2943 | D:3      | Found an ornate altar of the Wu Jian Council.
  3372 | D:4      | Found Duigg's Magic Scroll Emporium.
  3377 | D:4      | Bought a scroll of identify for 24 gold pieces
  3377 | D:4      | Bought a scroll of identify for 24 gold pieces
  3377 | D:4      | Bought a scroll of identify for 24 gold pieces
  3425 | D:4      | Reached XP level 6. HP: 35/38 MP: 6/6
  3556 | D:4      | Found a glowing drain.
  3569 | Sewer    | Entered a sewer
  4397 | D:4      | Noticed a phantom
  4412 | D:4      | Killed a phantom
  4413 | D:4      | Reached skill level 1 in Shields
  4413 | D:4      | Reached XP level 7. HP: 44/44 MP: 7/7
  4893 | D:5      | Entered Level 5 of the Dungeon
  4982 | D:5      | Reached skill level 5 in Maces & Flails
  5266 | D:5      | Reached skill level 5 in Fighting
  5266 | D:5      | Reached XP level 8. HP: 23/49 MP: 5/8
  6209 | D:6      | Reached skill level 5 in Armour
  6292 | D:6      | Found a staircase to the Ecumenical Temple.
  6334 | Temple   | Entered the Ecumenical Temple
  6502 | Temple   | Became a worshipper of Warmaster Okawaru
  6685 | D:6      | Reached skill level 6 in Maces & Flails
  6685 | D:6      | Reached skill level 5 in Dodging
  6685 | D:6      | Reached XP level 9. HP: 16/55 MP: 4/9
  6952 | D:6      | Noticed Grinder
  6971 | D:6      | Killed Grinder
  6971 | D:6      | Reached * piety under Okawaru
  7291 | D:6      | Found a broken altar of Ashenzari.
  7401 | D:7      | Found a radiant altar of Vehumet.
  7407 | D:7      | Found a burning altar of Makhleb.
  7458 | D:7      | Found a flagged portal.
  7488 | Bailey   | Entered a bailey
  7651 | Bailey   | Reached ** piety under Okawaru
  7683 | Bailey   | Noticed an orc knight
  7711 | Bailey   | Killed an orc knight
  7712 | Bailey   | Reached skill level 7 in Maces & Flails
  7935 | Bailey   | Reached XP level 10. HP: 61/63 MP: 10/10
  8014 | Bailey   | Noticed an orc warlord
  8014 | Bailey   | Noticed an orc knight
  8068 | Bailey   | Killed an orc knight
  8269 | Bailey   | Noticed an orc knight
  8289 | Bailey   | Killed an orc knight
  8289 | Bailey   | Reached *** piety under Okawaru
  8290 | Bailey   | Reached skill level 1 in Invocations
  8310 | Bailey   | HP: 3/64 [orc warrior/cursed -3 war axe (1)]
  8403 | Bailey   | Killed an orc warlord
  8403 | Bailey   | Reached **** piety under Okawaru
  8404 | Bailey   | Reached skill level 8 in Maces & Flails
  9086 | D:7      | Noticed Joseph
  9103 | D:7      | Killed Joseph
  9104 | D:7      | Reached XP level 11. HP: 68/69 MP: 11/13
  9145 | D:7      | Noticed Harold
  9162 | D:7      | Killed Harold
  9162 | D:7      | Reached ***** piety under Okawaru
  9489 | D:7      | Found a hazy altar of Hepliaklqana.
  9490 | D:7      | Found a glowing silver altar of Zin.
  9491 | D:7      | Found a white marble altar of Elyvilon.
  9669 | D:8      | Found Dupnuc's Distillery.
  9777 | D:8      | Reached skill level 9 in Maces & Flails
  9777 | D:8      | Reached XP level 12. HP: 76/76 MP: 13/15
  9901 | D:8      | Found Utsinytt's Weapon Shop.
 10411 | D:8      | Found Xatoilow's Antique Armour Shop.
 10414 | D:8      | Bought an ancient chain mail for 237 gold pieces
 10424 | D:8      | Identified the cursed +1 chain mail of Xytatz {rF+ Regen+}
                  | (You bought it in a shop on level 8 of the Dungeon)
 10461 | D:8      | Found Vixikhlo's Book Emporium.
 10720 | D:9      | Reached skill level 10 in Maces & Flails
 10774 | D:9      | Noticed Erolcha
 10799 | D:9      | Killed Erolcha
 10904 | D:9      | Found Jaceobb's General Store.
 11104 | D:9      | Found a staircase to the Lair.
 11266 | D:10     | Entered Level 10 of the Dungeon
 11492 | D:10     | Noticed a two-headed ogre
 11502 | D:10     | Killed a two-headed ogre
 11503 | D:10     | Reached skill level 10 in Fighting
 11521 | D:10     | Received a gift from Okawaru
 11613 | D:10     | Noticed an eight-headed hydra
 11615 | D:10     | Noticed a two-headed ogre
 11625 | D:10     | Killed an eight-headed hydra
 11626 | D:10     | Reached skill level 5 in Invocations
 11634 | D:10     | Killed a two-headed ogre
 11999 | D:10     | Reached XP level 13. HP: 82/82 MP: 16/16
 12354 | D:11     | Reached skill level 10 in Armour
 12369 | D:11     | Received a gift from Okawaru
 12438 | D:11     | Reached skill level 11 in Maces & Flails
 12794 | D:11     | Got an iridescent rapier
 12848 | D:11     | Identified the +7 rapier "Wotrokla" {speed, *Slow rPois
                  | Will+ Stlth+} (You found it on level 11 of the Dungeon)
 13044 | D:11     | Noticed Gastronok
 13063 | D:11     | Killed Gastronok
 13166 | D:11     | Found a staircase to the Orcish Mines.
 13317 | D:12     | Noticed Snorg
 13346 | D:12     | Killed Snorg
 13347 | D:12     | Reached skill level 10 in Dodging
 13738 | D:12     | Received a gift from Okawaru
 14374 | D:13     | Found Ralisei's Assorted Antiques.
 14380 | D:13     | Bought a jewelled mace for 208 gold pieces
 14380 | D:13     | Bought a coral ring for 130 gold pieces
 14380 | D:13     | Bought a notched granite ring for 130 gold pieces
 14380 | D:13     | Bought a scroll of teleportation for 78 gold pieces
 14455 | D:13     | Reached skill level 12 in Maces & Flails
 14587 | D:13     | Noticed a tengu reaver
 14589 | D:13     | Noticed a yaktaur captain
 14606 | D:13     | Killed a tengu reaver
 14627 | D:13     | Killed a yaktaur captain
 14736 | D:13     | Identified the Incunabulum of Unholy Arts and the Entourage
 14743 | D:13     | Got a scorched helmet
 14755 | D:13     | Identified the cursed +0 helmet of the Sunfish {+Blink
                  | rPois Str-4} (You found it on level 13 of the Dungeon)
 14756 | D:13     | Identified the cursed +1 mace of Pride {freeze, Fragile
                  | SInv Stlth+} (You bought it in a shop on level 13 of the
                  | Dungeon)
 14771 | D:13     | Noticed a fire dragon
 14797 | D:13     | Noticed Azrael
 14961 | D:13     | Found Okkaxt's Armour Shoppe.
 14968 | D:13     | Gained mutation: Your large and strong wings let you fly
                  | indefinitely. [Gargoyle growth]
 14968 | D:13     | Reached XP level 14. HP: 90/90 MP: 17/17
 15218 | D:13     | HP: 4/90 [Azrael/damnation (18)]
 15227 | D:13     | Killed Azrael
 15417 | D:13     | Got a twisted trident
 15419 | D:13     | Got an ichor-stained trident
 15452 | D:13     | Found Semme's Gadget Shoppe.
 15470 | D:13     | Found Savvumeth's Antique Weapon Shop.
 15593 | D:13     | Found Kofiah's Distillery.
 16120 | D:14     | Found a gate to the Vaults.
 16178 | D:14     | Reached skill level 13 in Maces & Flails
 16192 | D:14     | Received a gift from Okawaru
 16197 | D:14     | Got an ichor-stained quarterstaff {god gift}
 16316 | Lair:1   | Entered Level 1 of the Lair of Beasts
 17984 | D:14     | Reached ****** piety under Okawaru
 18121 | D:14     | Received a gift from Okawaru
 18384 | D:14     | Found a hazy altar of Hepliaklqana.
 18609 | D:14     | Reached XP level 15. HP: 78/96 MP: 12/18
 18744 | D:14     | Noticed Louise
 18807 | D:14     | Killed Louise
 18845 | D:14     | Identified Roxanne's Handbook of Moulding
 18845 | D:14     | Noticed Roxanne
 18863 | D:14     | Killed from afar by Roxanne

Illustrated notes

Levels and vault maps discovered:
D:1:      psy_arrival_whirlpool, layout_loops_corners, kennysheep_small_spiral
D:2:      layout_loops_ring, elyvilon_altar_1, uniq_jessica
D:3:      gammafunk_wand_slinger, layout_basic, lemuel_doored_altar
D:4:      layout_gridville, serial_shops, shop, gup_sewer_entry_pipe,
          kennysheep_generic_room_8
D:5:      layout_loops_ring
D:6:      minmay_angry_zag, layout_loops_cross, minmay_temple_entry_glass,
          ashenzari_altar_1, uniq_grinder
D:7:      layout_basic, minitemple, enter_bailey_7,
          chequers_serial_rivers_large_a, uniq_joseph, uniq_harold
D:8:      layout_loops_ring, serial_shops, shop_fountains, kennysheep_mini_moat,
          nicolae_shop_crystal, nicolae_shop_stone
D:9:      layout_rooms, erik_lair_orcish_takeover, serial_shops,
          nicolae_shop_behind_doors, serial_bayou_ford_a, uniq_erolcha
D:10:     layout_cave_pods, minmay_alternating_orb
D:11:     layout_basic, orc_0_dummy, uniq_gastronok
D:12:     layout_gridville, uniq_snorg
D:13:     minmay_strange_plus, layout_loops_cross, serial_shops, shop_fountains,
          nicolae_shop_overgrown_old_shop, shop_statue, nicolae_shop_stone,
          nicolae_shop_stone, minmay_sticks_and_stones, uniq_azrael
D:14:     minmay_spiral_squares, layout_long_grid, grunt_vaults_entry_fortified,
          basic_altar, uniq_louise, uniq_roxanne
Temple:   eino_temple_scatter_basement
Lair:1:   layout_regular_city, serial_bayou_crossing, infiniplex_staircase_pool,
          grunt_megastairs_2

Skill      XL: |  1  2  3  4  5  6  7  8  9 10 11 12 13 14 15 |
---------------+----------------------------------------------+-----
Armour         | 1 2 3 4 5 7 8 9 11 12 | 12.0
Fighting       | 3 4 5 6 7 8 9 10 11 12 | 12.2
Dodging        | 3 4 5 6 7 8 9 10 11 | 11.8
Maces & Flails | 4 5 6 7 8 9 10 12 13 | 13.8
Shields        | 1 2 4 |  4.0
Invocations    | 3 5 |  5.0
Stealth        | 3 |  3.2
Spellcasting   | 2 |  2.3
Evocations     | 2 |  2.3
Throwing       | |  1.7

Action                   |  1- 3 |  4- 6 |  7- 9 | 10-12 | 13-15 || total
-------------------------+-------+-------+-------+-------+-------++-------
Melee: Flail             |   127 |   354 |   291 |   584 |  1109 ||  2465
       Dire flail        |       |       |   152 |   117 |       ||   269
       Mace              |       |       |       |       |   217 ||   217
Throw: Throwing net      |       |       |       |     4 |     4 ||     8
Invok: Heroism           |       |       |       |     8 |     8 ||    16
 Abil: Fly               |       |       |       |       |     1 ||     1
  Use: Scroll            |       |    10 |     4 |     5 |     7 ||    26
       Potion            |       |     2 |     3 |     5 |     8 ||    18
 Stab: Invisible         |       |       |     6 |       |       ||     6
       Held in net/web   |       |       |       |     9 |     6 ||    15
Armor: Leather armour    |    84 |   251 |    20 |       |       ||   355
       Ring mail         |       |       |   192 |    47 |       ||   239
       Plate armour      |       |       |       |   157 |       ||   157
       Chain mail        |       |       |       |   227 |   821 ||  1048
Dodge: Dodged            |   119 |   380 |   400 |   346 |   840 ||  2085
Block: Buckler           |       |     4 |    83 |   138 |   312 ||   537
